 Dungeon Crawl Stone Soup version 0.27-a0-531-gb72ec1a1b6 (webtiles) character file.

Game seed: 18353316014122156781

101 Esekla the Covert (level 4, 0/23 HPs)
             Began as a Spriggan Delver on Mar 5, 2021.
             Slain by an orc
             ... wielding a +0 dagger
              (1 damage)
             ... on level 4 of the Dungeon.
             The game lasted 00:11:52 (1672 turns).

Esekla the Covert (Spriggan Delver)                 Turns: 1672, Time: 00:11:53

Health: 0/23       AC:  2    Str:  8    XL:     4   Next: 48%
Magic:  6/6        EV: 17    Int: 12    God:
Gold:   90         SH:  0    Dex: 16    Spells: 5/5 levels left

rFire    . . .     SeeInvis +   a - +0 short sword
rCold    . . .     Faith    .   (shield restricted)
rNeg     . . .     Spirit   .   b - +0 robe
rPois    .         Reflect  .   (helmet restricted)
rElec    .         Harm     .   (no cloak)
rCorr    .         Rampage  .   (gloves unavailable)
Will     .....                  (boots unavailable)
Stlth    ++++......             (no amulet)
HPRegen  0.07/turn              (no ring)
MPRegen  0.10/turn              (no ring)

@: very quick
A: very small, unfitting armour, see invisible, speed 3
a: no special abilities


You were on level 4 of the Dungeon.
You visited 1 branch of the dungeon, and saw 2 of its levels.

You collected 90 gold pieces.

Inventory:

Hand Weapons
 a - a +0 short sword (weapon)
Missiles
 m - 18 poisoned darts (quivered)
Armour
 b - a +0 robe (worn)
 l - a +0 buckler
Wands
 g - a wand of digging (3)
Scrolls
 c - 2 scrolls of fog
 d - a scroll of magic mapping
 h - 2 scrolls of immolation
 j - 3 scrolls of identify
Potions
 e - 2 potions of lignification
 f - a potion of haste
 i - a potion of berserk rage {unknown}
 k - a potion of curing {unknown}
 n - 2 potions of ambrosia {unknown}


   Skills:
 - Level 2.4 Fighting
 + Level 2.3 Short Blades
 + Level 0.1 Throwing
 * Level 3.1 Dodging
 + Level 8.0 Stealth
 * Level 1.2 Spellcasting
 * Level 0.5 Conjurations
 * Level 1.3 Translocations
 * Level 1.4 Transmutations
 * Level 0.8 Fire Magic
 * Level 0.9 Air Magic
 * Level 0.8 Poison Magic


You had 5 spell levels left.
You didn't know any spells.
Your spell library was empty.

Dungeon Overview and Level Annotations

Branches:
Dungeon (5/15)
 Temple: D:4-7

Altars:

Shops:
D:5 :

Annotations:
D:5 2 transporters


Innate Abilities, Weirdness & Mutations

You are very small and have problems with some larger weapons.
You are too small for most types of armour.
You have supernaturally acute eyesight. (SInv)
You cover ground extremely quickly. (Speed+++)


Message History

You hit the leopard gecko.
You kill the leopard gecko!
You see here a leopard gecko corpse.
The orc shouts! x2; You hear a shout!
The orc wizard points at you and mumbles some strange words.
You easily resist.
Throw: 19 darts (poison)
Press: ? - help, Q - select action Shift-Dir - straight line
Okay, then.
The orc wizard gestures at you while chanting.
The magic dart hits you!
Throw: 19 darts (poison)
Press: ? - help, Q - select action Shift-Dir - straight line, f - orc wizard
Aim: an orc wizard, wielding a +0 dagger and wearing a +0 robe (53% to hit)
You throw a poisoned dart. The poisoned dart hits the orc wizard.
The orc wizard is poisoned.
The orc hits you with a +0 dagger.
You hit the orc wizard.
The orc wizard is lightly wounded.
The orc hits you from afar with a +0 trident.
The orc wizard points at itself and mumbles some strange words.
The orc wizard flickers and vanishes for a moment.
The orc completely misses you.
You barely miss the orc wizard.
The orc wizard is lightly wounded.
The orc hits you from afar with a +0 trident.
The orc wizard completely misses you. The orc misses you.
You barely miss the orc wizard.
The orc wizard is lightly wounded.
The orc closely misses you.
The orc wizard hits you but does no damage.
The orc barely misses you.
You completely miss the orc wizard.
The orc wizard is lightly wounded.
The orc wizard looks more healthy.
The orc hits you from afar with a +0 trident!
* * * LOW HITPOINT WARNING * * *
The orc wizard casts a spell at you.
You easily resist.
The orc hits you with a +0 dagger.
You die...

#.# #.###########...###
#.# #.................#
#.# ###########.....#.#
#.# ##.##.##.# #.#
#.....##.# #.#
#.#.#.##.###### #.#
#......#....... #.#
#######.#.#..#..##.#.
#.#
#.(o@oo[.............
#.#
###.#####.#####..#.#.#.
#.##### #.....# #.#
#........
#.....###.#.#.# #.#
#..#.#†#.
#####.##......# #o#
##.......
#.....#.#..##o#
#.#.#.#.
#..##.........#
#.......
#######..##########.#
######## .....##..# #..


You could see an orc wizard (invisible) and 2 orcs.

Vanquished Creatures
  4 worker ants (D:4)
  A leopard gecko (D:4)
  A quokka (D:4)
  A quokka skeleton (D:4)
7 creatures vanquished.

Notes
Turn   | Place    | Note
-------+----------+-------------------------------------------
     0 | D:5      | Esekla the Spriggan Delver began the quest for the Orb.
     0 | D:5      | Reached XP level 1. HP: 11/11 MP: 2/2
    27 | D:5      | Noticed a howler monkey
    28 | D:5      | Noticed an iguana
    44 | D:5      | Noticed a hound
   105 | D:5      | Found Tompecet's Book Shop.
   120 | D:5      | Noticed a hound
   449 | D:5      | Found a transporter.
   451 | D:5      | Noticed an orc wizard
   459 | D:5      | Noticed an electric eel
   461 | D:5      | Noticed an electric eel
   465 | D:5      | Found a transporter.
   729 | D:4      | Noticed a howler monkey
   759 | D:4      | Noticed a worker ant
   761 | D:4      | Killed a worker ant
   762 | D:4      | Reached skill level 1 in Transmutations
   762 | D:4      | Reached XP level 2. HP: 16/16 MP: 3/3
   809 | D:4      | Noticed a scorpion
  1019 | D:4      | Identified the +2 whip of Eternal Vigilance {freeze, rF+
                  | Will+}
  1086 | D:4      | Reached skill level 1 in Translocations
  1086 | D:4      | Reached XP level 3. HP: 8/19 MP: 3/5
  1094 | D:4      | Reached skill level 1 in Spellcasting
  1094 | D:4      | Reached XP level 4. HP: 11/23 MP: 3/6
  1397 | D:4      | Reached skill level 8 in Stealth
  1672 | D:4      | HP: 1/23 [orc/+0 trident (9)]
  1672 | D:4      | Slain by an orc

Illustrated notes

Levels and vault maps discovered:
D:4:      layout_loops_ring, temple_green, serial_glass, glass_columns_b,
          glass_columns_a, glass_columns_a, glass_columns_a, glass_columns_a,
          glass_columns_a
D:5:      gammafunk_steamed_eel, layout_basic, serial_shops, shop

Skill      XL: |  1  2  3  4 |
---------------+-------------+-----
Transmutations | 1 |  1.4
Translocations | 1 |  1.3
Dodging        | 3 |  3.1
Spellcasting   | 1 |  1.2
Stealth        | 8 |  8.0
Fighting       | |  2.4
Short Blades   | |  2.3
Throwing       | |  0.1
Conjurations   | |  0.5
Fire Magic     | |  0.8
Air Magic      | |  0.9
Poison Magic   | |  0.8

Action                   |  1- 3 |  4- 6 || total
-------------------------+-------+-------++-------
Melee: Short sword       |     3 |     8 ||    11
Throw: Dart              |     7 |     7 ||    14
  Use: Scroll            |     5 |       ||     5
 Stab: Sleeping          |     1 |     1 ||     2
Dodge: Dodged            |     5 |    13 ||    18

Table legend: (Time is in decaauts)
 A = Elapsed time spent in this place.
 B = Non-inter-level travel time spent in this place.
 C = Inter-level travel time spent in this place.
 D = Time resting spent in this place.
 E = Time spent auto-exploring this place.
 F = Levels seen in this place.
 G = Mean time per level.
                   A        B        C        D        E       F      G
               +--------+--------+--------+--------+--------+-----+--------+
         Total |   1143 |   1143 |      0 |    278 |      0 |   2 |  571.5 |
       Dungeon |   1143 |   1143 |      0 |    278 |      0 |   2 |  571.5 |
               +--------+--------+--------+--------+--------+-----+--------+

Top non-repeatable levels by time:
     D:4: 676 daAuts
     D:5: 467 daAuts
